 Dungeon Crawl Stone Soup version 0.18.1-48-g4cf74bf (webtiles) character file.

119 tevo3000 the Covert (level 5, -1/45 HPs)
             Began as a Naga Assassin on Sept 1, 2016.
             Succumbed to an adder's poison
             ... in a sewer.
             The game lasted 00:07:14 (1481 turns).

tevo3000 the Covert (Naga Assassin)                 Turns: 1481, Time: 00:07:14

Health: -1/45      AC:  3    Str:  8 (10) XL:     5   Next: 3%
Magic:  5/5        EV:  9    Int:  9 (11) God:
Gold:   159        SH:  0    Dex: 12 (13) Spells: 0 memorised, 4 levels left

rFire  x . .     SeeInvis +     k - +1 dagger (venom)
rCold  + . .     Gourm    .     c - +0 robe
rNeg   . . .     Faith    .     (no shield)
rPois  +         Spirit   .     (no helmet)
rElec  .         Dismiss  .     d - +0 cloak
rCorr  .         Reflect  .     (no gloves)
SustAt .         Harm     .     (no barding)
MR     .....                    (no amulet)
Stlth  ++++......               n - ring of flight
                                i - ring of ice

@: lethally poisoned (-1 -> -9), very slow, not resistant to hostile
enchantments, stealthy
A: see invisible, deformed body, poison resistance, slowness 2, slow metabolism
1, spit poison 2, weak 2, wild magic 1, AC +1
a: Spit Poison, Evoke Flight


You were in a sewer.
You were near starving.

You visited 1 branch of the dungeon, and saw 3 of its levels.
You also visited: Sewer.

You collected 159 gold pieces.

Inventory:

Hand Weapons
 a - a +2 dagger
 b - a +0 blowgun
 k - a +1 dagger of venom (weapon)
Missiles
 e - 8 poisoned needles
 f - 2 curare-tipped needles
Armour
 c - a +0 robe (worn)
 d - a +0 cloak (worn)
Jewellery
 i - a ring of ice (left hand)
 n - a ring of flight (right hand)
Scrolls
 j - a scroll of immolation {unknown}
 l - 2 scrolls of teleportation {unknown}
 m - a scroll of remove curse {unknown}
 o - 2 scrolls of noise {unknown}
 q - 2 scrolls of identify {unknown}
 r - a scroll of enchant weapon {unknown}
 u - a scroll of recharging {unknown}
Potions
 s - a potion of cancellation {unknown}
Comestibles
 g - 4 bread rations
 h - a royal jelly
 p - a beef jerky
 t - a slice of pizza
 v - a meat ration


   Skills:
 - Level 2.0 Fighting
 * Level 3.0 Short Blades
 - Level 1.7 Throwing
 - Level 0.7 Dodging
 + Level 8.6 Stealth


You had 4 spell levels left.
You didn't know any spells.

Dungeon Overview and Level Annotations

Branches:
Dungeon (3/15)

Altars:


Innate Abilities, Weirdness & Mutations

You cannot wear boots.
Your serpentine skin is tough (AC +1).
You have supernaturally acute eyesight.
Armour fits poorly on your strangely shaped body.
Your system is resistant to poisons.
You cover ground very slowly.
You have a slow metabolism.
You can spit poison.
You are very weak. (Str -4)
Your spells are a little harder to cast, but a little more powerful.


Message History

You kill the river rat!
Your Short Blades skill increases to level 3!
You have reached level 5!
The rat bites you.
* * * LOW HITPOINT WARNING * * *
The rat splashes around in the water.
The adder bites you.
* * * LOW HITPOINT WARNING * * *
The rat splashes around in the water.
The adder bites you.
* * * LOW HITPOINT WARNING * * *
The rat bites you.
* * * LOW HITPOINT WARNING * * *
The adder bites you.
* * * LOW HITPOINT WARNING * * *
You are lethally poisoned!
The adder poisons you! The rat closely misses you. The adder bites you.
* * * LOW HITPOINT WARNING * * *
You are more poisoned.
The adder poisons you!
You die...

... .... ....#
.....#####################
......≈≈≈≈≈≈≈≈≈≈≈≈≈≈≈≈≈≈.#
#....r≈≈≈≈≈≈≈≈≈≈≈≈≈≈≈≈≈≈..
#.....rS≈≈≈≈≈≈≈≈≈≈≈≈≈≈≈≈..
##.r.rrr≈≈≈≈≈≈≈≈≈≈≈≈≈≈≈≈..
##.r.≈≈≈@≈≈≈≈≈≈≈≈≈≈≈≈≈≈..
###.≈≈≈≈≈≈≈≈≈≈≈≈≈≈≈≈≈≈..
#####################. ##
# # # # ##


You could see an adder, a river rat (sleeping) and 6 rats.

Vanquished Creatures
  5 adders
  A river rat (Sewer)
  An ooze (D:3)
  3 worms (D:2)
  2 dart slugs
  An orc (D:3)
  3 bats (D:2)
  A giant cockroach (D:3)
  3 hobgoblins
  7 kobolds
  A quokka (D:2)
  3 ball pythons
  2 giant newts
  7 goblins
  13 rats
53 creatures vanquished.

Notes
Turn   | Place    | Note
--------------------------------------------------------------
     0 | D:1      | tevo3000 the Naga Assassin began the quest for the Orb.
     0 | D:1      | Reached XP level 1. HP: 19/19 MP: 1/1
    40 | D:1      | Reached skill level 6 in Stealth
   142 | D:1      | Reached XP level 2. HP: 16/26 MP: 2/2
   612 | D:2      | Reached skill level 7 in Stealth
   647 | D:2      | Reached XP level 3. HP: 27/32 MP: 3/3
   861 | D:2      | Gained mutation: Your spells are a little harder to cast, but a little more powerful. [potion of mutation]
   861 | D:2      | Gained mutation: You are weak. (Str -2) [potion of mutation]
   861 | D:2      | Gained mutation: You are very weak. (Str -4) [potion of mutation]
   938 | D:2      | Reached skill level 8 in Stealth
  1092 | D:2      | Reached XP level 4. HP: 39/39 MP: 4/4
  1390 | D:3      | Found a glowing drain.
  1402 | Sewer    | Entered a sewer
  1479 | Sewer    | Reached XP level 5. HP: 14/45 MP: 5/5
  1480 | Sewer    | HP: 2/45 [adder (2)]
  1481 | Sewer    | Succumbed to an adder's poison

Skill      XL: |  1  2  3  4 |
---------------+-------------+-----
Stealth        | 6 7 8 |  8.6
Short Blades   | 3 |  3.0
Fighting       | |  2.0
Throwing       | |  1.7
Dodging        | |  0.7

Action                   |  1- 3 |  4- 6 || total
-------------------------+-------+-------++-------
Melee: Dagger            |    56 |    51 ||   107
 Abil: Spit Poison       |     3 |       ||     3
  Use: Potion            |     3 |       ||     3
 Stab: Sleeping          |    12 |     8 ||    20
Armor: Robe              |    16 |     6 ||    22
Dodge: Dodged            |    24 |    24 ||    48
